 Dungeon Crawl Stone Soup version 0.28-a0-823-gb444dcf96d (webtiles) character file.

Game seed: 2739381217992799645

3 pokeman the Magician (level 1, 0/10 HPs)
             Began as a Deep Elf Hedge Wizard on Nov 10, 2021.
             Slain by a bat (1 damage)
             ... on level 2 of the Dungeon.
             The game lasted 00:00:28 (173 turns).

pokeman the Magician (Deep Elf Hedge Wizard)         Turns: 173, Time: 00:00:29

Health: 0/10       AC:  2    Str:  7    XL:     1   Next: 41%
Magic:  5/8        EV: 12    Int: 18    God:
Gold:   8          SH:  0    Dex: 14    Spells: 8/9 levels left

rFire   . . .      SeeInvis .   a - +0 dagger
rCold   . . .      Faith    .   (no shield)
rNeg    . . .      Spirit   .   b - +0 robe
rPois   .          Reflect  .   c - +0 hat
rElec   .          Harm     .   (no cloak)
rCorr   .          Rampage  .   (no gloves)
Will    .....                   (no boots)
Stlth   ++........              (no amulet)
HPRegen 0.03/turn               (no ring)
MPRegen 0.11/turn               (no ring)

@: no status effects
A: no striking features
a: no special abilities


You were on level 2 of the Dungeon.
You visited 1 branch of the dungeon, and saw 2 of its levels.

You collected 8 gold pieces.

Inventory:

Hand Weapons
 a - a +0 dagger (weapon)
Armour
 b - a +0 robe (worn)
 c - a +0 hat (worn)
Scrolls
 d - a scroll of identify {unknown}
Potions
 e - a potion of flight {unknown}


   Skills:
 + Level 0.1 Fighting
 + Level 0.1 Armour
 - Level 2.4 Dodging
 - Level 2.4 Stealth
 * Level 4.5 Spellcasting
 + Level 1.2 Conjurations
 - Level 1.1 Summonings
 - Level 1.1 Translocations


You had 8 spell levels left.
You knew the following spells:

 Your Spells              Type           Power      Damage    Failure   Level
a - Magic Dart            Conj           32%        1d4       9%          1

Your spell library contained the following spells:

 Spells                   Type           Power      Damage    Failure   Level
 Slow                     Hex            16%        N/A       14%         1
 Blink                    Tloc           16%        N/A       14%         2
 Call Imp                 Summ           8%         N/A       14%         2
 Conjure Flame            Conj/Fire      6%         6-21      32%         3
 Mephitic Cloud           Conj/Pois/Air  5%         N/A       34%         3


Dungeon Overview and Level Annotations

Branches:
Dungeon (1/15)

Altars:


Message History

Aiming: Magic Dart (safe; 9% risk of failure)
Press: ? - help, Shift-Dir - straight line, f/p - jackal
Aim: a jackal (100% to hit)
You miscast Magic Dart.
You are very lightly contaminated with residual magic.
Nothing appears to happen.
The jackal closely misses you. The jackal bites you.
You barely miss the jackal. The jackal barely misses you.
You hit the jackal but do no damage. The jackal closely misses you.
The jackal barely misses you.
You barely miss the jackal. The jackal bites you.
You barely miss the jackal. The jackal closely misses you.
You hit the jackal.
The jackal is heavily wounded.
The jackal bites you.
* * * LOW HITPOINT WARNING * * *
The jackal bites you.
* * * LOW HITPOINT WARNING * * *
You miss the jackal.
The jackal is heavily wounded.
The jackal closely misses you.
Your magical contamination has completely faded away.
A quokka comes into view.
The jackal bites you but does no damage.
An adder and an endoplasm come into view.
Found a club.
The adder hisses angrily.
The endoplasm quivers.
You completely miss the quokka. The jackal barely misses you.
The quokka closely misses you. The adder closely misses you.
The quokka misses you. The jackal barely misses you.
The adder closely misses you.
Found a ring mail.
The jackal barely misses you. The quokka closely misses you.
The quokka bites you.
* * * LOW HITPOINT WARNING * * *
The adder closely misses you.
A bat comes into view.
The bat moves out of view.
The adder misses you.
You barely miss the bat. The bat hits you.
You die...

#...# +...# #
#...# #.####...#
#h...#...#
#h#...# # #h#...#
.####
#.#..J#####[....#
#...hhhrS@b.....#
###########.....#
....# ...# ###


You could see an adder, an endoplasm, a quokka, 3 jackals and a bat.

Vanquished Creatures
  A jackal (D:2)
  A quokka (D:1)
  A rat (D:1)
3 creatures vanquished.

Notes
Turn   | Place    | Note
-------+----------+-------------------------------------------
     0 | D:1      | pokeman the Deep Elf Hedge Wizard began the quest for the
                  | Orb.
     0 | D:1      | Reached XP level 1. HP: 10/10 MP: 7/7
   145 | D:1      | You fall into a shaft and drop 1 floor!
   173 | D:2      | Slain by a bat

Illustrated notes

Levels and vault maps discovered:
D:1:      onia_arrival_pentagram, layout_basic, serial_park_tiny_pond,
          nrook_campfire, minmay_misc_feat_tower, nrook_mini_backslash
D:2:      layout_basic, serial_shops, shop_scrolls,
          dreamdust_ecumenical_altar_hidden_monk_grotto, grunt_ministairs_5,
          minmay_tetromino_o4, uniq_terence, uniq_crazy_yiuf_cottage,
          uniq_jessica

Action                   || total
-------------------------++-------
Melee: Dagger            ||    14
 Cast: Magic Dart        ||     5
Armor: Robe              ||     2
Dodge: Dodged            ||    23

Table legend: (Time is in decaauts)
 A = Elapsed time spent in this place.
 B = Non-inter-level travel time spent in this place.
 C = Inter-level travel time spent in this place.
 D = Time resting spent in this place.
 E = Time spent auto-exploring this place.
 F = Levels seen in this place.
 G = Mean time per level.
                   A        B        C        D        E       F      G
               +--------+--------+--------+--------+--------+-----+--------+
         Total |    172 |    172 |      0 |      0 |    133 |   2 |   86.0 |
       Dungeon |    172 |    172 |      0 |      0 |    133 |   2 |   86.0 |
               +--------+--------+--------+--------+--------+-----+--------+

Top non-repeatable levels by time:
     D:1: 145 daAuts
     D:2: 27 daAuts
